 Dungeon Crawl Stone Soup version 0.30-a0-748-ge6a52f7cba (webtiles) character file.

Game seed: 15017954204617432724

6027 Aneyh the Spear-Bearer (level 10, -3/63 HPs)
             Began as a Tengu Monk on Feb 9, 2023.
             Was an Elder of Hepliaklqana.
             Slain by Amaemon
             ... wielding a -1 demon whip of venom
              (13 damage)
             ... on level 9 of the Dungeon.
             The game lasted 00:20:49 (9048 turns).

Aneyh the Spear-Bearer (Tengu Monk)                 Turns: 9048, Time: 00:20:49

Health: -3/63      AC:  6    Str: 16    XL:     10   Next: 86%
Magic:  11/11      EV: 15    Int: 11    God:    Hepliaklqana [****..]
Gold:   388        SH:  0    Dex: 16    Spells: 0/9 levels left

rFire   . . .      SeeInvis .    a - +0 glaive
rCold   . . .      Faith    .    (shield currently unavailable)
rNeg    + . .      Spirit   .    w - +0 robe
rPois   +          Reflect  .    (helmet restricted)
rElec   .          Harm     +    I - scarf {harm}
rCorr   .          Rampage  .    (no gloves)
Will    +....                    (boots unavailable)
Stlth   ++                       L - amulet of the acrobat
HPRegen 0.30/turn                C - +4 ring of protection
MPRegen 0.12/turn                H - ring "Ocistiem" {rPois rN+ Will+}

@: lethally poisoned (-3 -> -6), about to teleport, flying quickly and
evasively, quick
A: reduced essence, beak, talons 3, nimble flight
a: Renounce Religion, Recall Ancestor, Ancestor Identity, Transference, Idealise


You were on level 9 of the Dungeon.
You worshipped Hepliaklqana.
Hepliaklqana was greatly pleased with you.
You visited 2 branches of the dungeon, and saw 10 of its levels.

You collected 388 gold pieces.

Inventory:

Hand Weapons
 a - a +0 glaive (weapon)
 b - a +0 longbow
 K - a +3 mace
 Q - a +0 mace of protection
 R - a +3 great sword
 S - a +3 great sword
 T - a +1 vampiric halberd
 U - a +2 heavy mace
 V - a +6 war axe
 X - a +4 scimitar of flaming
 Z - a +3 halberd of freezing
Missiles
 f - 3 poisoned darts
 F - 2 silver javelins
 P - 4 javelins
Armour
 w - a +0 robe (worn)
 I - a scarf of harm (worn)
Jewellery
 A - an amulet of faith
 C - a +4 ring of protection (left hand)
 H - the ring "Ocistiem" (right hand) {rPois rN+ Will+}
   (You took it off an orc on level 5 of the Dungeon)

   [ring of poison resistance]

   rPois:     It protects you from poison.
   rN:        It protects you from negative energy.
   Will:      It increases your willpower.
 L - an amulet of the acrobat (around neck)
Wands
 r - a wand of polymorph (9)
 y - a wand of iceblast (16)
 G - a wand of paralysis (16)
Scrolls
 d - a scroll of magic mapping
 e - a scroll of summoning
 h - 4 scrolls of immolation
 k - 3 scrolls of teleportation
 l - a scroll of torment
 n - a scroll of fog
 o - a scroll of poison {unknown}
 p - 3 scrolls of identify {unknown}
 t - a scroll of enchant weapon {unknown}
 v - a scroll of amnesia {unknown}
 z - a scroll of vulnerability {unknown}
 J - a scroll of noise {unknown}
 M - a scroll of silence {unknown}
 Y - a scroll of blinking {unknown}
Potions
 c - a potion of ambrosia
 g - 3 potions of attraction {unknown}
 i - 4 potions of heal wounds {unknown}
 j - a potion of invisibility {unknown}
 m - a potion of degeneration {unknown}
 q - a potion of haste {unknown}
 s - a potion of mutation {unknown}
 u - 2 potions of brilliance {unknown}
 x - 3 potions of lignification {unknown}
 D - 2 potions of might {unknown}
 E - 3 potions of curing {unknown}
 O - a potion of berserk rage {unknown}


   Skills:
 + Level 11.7 Fighting
 - Level 12.0 Polearms
 - Level 3.0 Ranged Weapons
 - Level 3.2 Dodging
 - Level 2.0 Stealth
 * Level 3.3 Summonings


You couldn't memorise any spells.
You knew the following spells:

 Your Spells              Type           Power      Damage    Failure   Level
a - Call Imp              Summ           7%         N/A       14%         2
b - Summon Hydra          Summ           3%         N/A       100%        7

Your spell library contained the following spells:

 Spells                   Type           Power      Damage    Failure   Level
 Magic Dart               Conj           0%         1d3       34%         1
 Shock                    Conj/Air       0%         1d3       34%         1
 Cigotuvi's Dreadful Rot  Necr/Pois/Air  0%         N/A       47%         2
 Poisonous Vapours        Pois/Air       0%         N/A       47%         2
 Sublimation of Blood     Necr           0%         N/A       47%         2
 Wereblood                Tmut           0%         N/A       47%         2
 Dazzling Flash           Conj/Hex       0%         N/A       71%         3
 Inner Flame              Hex/Fire       0%         N/A       71%         3
 Mephitic Cloud           Conj/Pois/Air  0%         N/A       71%         3
 Swiftness                Air            0%         N/A       71%         3
 Airstrike                Air            0%         2d(0-16)  98%         4
 Cause Fear               Hex            0%         N/A       98%         4
 Agony                    Necr           0%         N/A       100%        5
 Silence                  Hex/Air        0%         N/A       100%        5
 Discord                  Hex            0%         N/A       100%        8


Dungeon Overview and Level Annotations

Branches:
Dungeon (9/15)             Temple (1/1) D:5
   Lair: D:8-11         Orc: D:9-12

Altars:
Ashenzari
Cheibriados
Dithmenos
Elyvilon
Fedhas
Gozag
Hepliaklqana
Kikubaaqudgha
Nemelex Xobeh
Okawaru
Qazlal
Ru
Sif Muna
Trog
Uskayaw
Vehumet
Wu Jian
Xom
Zin
The Shining One

Shops:
D:6 :

Annotations:
D:9 Amaemon


Innate Abilities, Weirdness & Mutations

Your life essence is reduced to manifest your ancestor. (-10% HP)
You have a beak for a mouth.
You have claws for feet.
Your magical nature lets you fly swiftly and evasively.


Message History

The puff of frost hits the orange demon.
You see here a yak corpse.
You slash Amaemon! Your peck misses Amaemon.
Amaemon is lightly wounded.
The yak closely misses you.
Amaemon says, "Afraid of a little sting?"
Amaemon completely misses you. x2; Amaemon tail-slaps you.
You are poisoned.
Amaemon poisons you!
The orange demon stings Manelesi!
The orange demon hits Manelesi.
The yak gores Manelesi.
Manelesi hits the orange demon with a +0 quarterstaff!
You hit Amaemon but do no damage. Your kick misses Amaemon. You peck Amaemon.
Amaemon is moderately wounded.
You feel very sick.
The orc warrior hits Manelesi with a +0 scimitar.
Manelesi is destroyed!
The yak gores you.
An orc comes into view. It is wielding a +0 trident.
Amaemon mumbles some strange words.
You barely miss the scorpion.
You feel very sick.
Amaemon gestures wildly while chanting.
The orange demon stings you but does no damage.
The scorpion stings you but does no damage.
You closely miss the scorpion.
You feel sick.
The orc shouts!
The orange demon stings you but does no damage.
Amaemon casts a spell.
The scorpion closely misses you.
As you read the scroll of teleportation, it crumbles to dust.
You feel strangely unstable.
You feel sick. The yak gores you. The orange demon misses you.
Amaemon hits you with a -1 demon whip of venom!
Amaemon misses you. Amaemon tail-slaps you. The scorpion misses you.
You closely miss the scorpion. Your peck misses the scorpion.
You feel sick. The scorpion closely misses you. The yak gores you!
* * * LOW HITPOINT WARNING * * *
The orange demon barely misses you.
Amaemon hits you with a -1 demon whip of venom!
You die...

##########################
......ss6@s...............
......s4Y#########.#####.#
......soY# #.# #.#
......o..# #.# #.#
.........#########.#####.#
6...............).....R..#
...#####.#########.#####.#
4.. #.# #.# #.# . #.# #.#
#..


You could see Amaemon, an orange demon, 2 yaks, an orc warrior, 5 scorpions and
an orc.

Vanquished Creatures
  Pikel (D:9)
  A yak (D:9)
  A vampire (D:8)
  An orc warrior (D:6)
  2 ice beasts
  A centaur (D:9)
  A phantom (D:5)
  A lemure (D:9)
  5 bullfrogs
  A necrophage (D:6)
  A gnoll sergeant (D:7)
  2 scorpions (D:7)
  16 wights
  A howler monkey (D:6)
  3 jellies
  An orc priest (D:5)
  A hound (D:4)
  An iguana (D:4)
  Natasha (thrice) (D:4)
  2 orc wizards
  7 gnolls
  11 adders
  A white imp (D:7)
  2 worms
  3 dart slugs
  17 orcs
  5 endoplasms
  2 giant cockroaches
  4 goblins
  2 hobgoblins
  9 jackals
  6 kobolds
  4 quokkas
  4 ball pythons
  5 bats
  A frilled lizard (D:1)
  7 rats
136 creatures vanquished.

Vanquished Creatures (collateral kills)
  Erica (D:8)
  A two-headed ogre (D:8)
  A hornet (D:8)
  2 water moccasins
  An ice beast (D:6)
  2 sky beasts
  A centaur (D:6)
  2 gnoll sergeants
  A bullfrog (D:7)
  A necrophage (D:6)
  5 wights
  2 hounds
  6 orc priests
  An iguana (D:5)
  2 orc wizards (D:6)
  8 gnolls
  2 adders (D:6)
  A shadow imp (D:8)
  A dart slug (D:3)
  6 orcs
  2 jackals (D:4)
  A quokka (D:5)
50 creatures vanquished.

Vanquished Creatures (others)
  A battlemage (D:9)
  4 plants (D:1)
5 creatures vanquished.

Grand Total: 191 creatures vanquished

Notes
Turn   | Place    | Note
-------+----------+-------------------------------------------
     0 | D:1      | Aneyh the Tengu Monk began the quest for the Orb.
     0 | D:1      | Reached XP level 1. HP: 14/14 MP: 2/2
   242 | D:1      | Reached XP level 2. HP: 19/19 MP: 3/3
   804 | D:2      | Reached XP level 3. HP: 17/24 MP: 4/4
   859 | D:2      | Learned a level 2 spell: Call Imp
   949 | D:2      | Found a white marble altar of Elyvilon.
  1720 | D:3      | Reached skill level 1 in Summonings
  1813 | D:3      | Reached XP level 4. HP: 30/30 MP: 5/5
  2433 | D:3      | Reached skill level 5 in Fighting
  2819 | D:4      | Gained mutation: Your magical nature lets you fly swiftly
                  | and evasively. [Tengu growth]
  2819 | D:4      | Reached XP level 5. HP: 35/35 MP: 6/6
  2824 | D:4      | Noticed Natasha
  2829 | D:4      | Killed Natasha
  2830 | D:4      | Reached skill level 1 in Ranged Weapons
  3069 | D:4      | Reached XP level 6. HP: 21/40 MP: 7/7
  3179 | D:4      | Noticed Natasha
  3189 | D:4      | Killed Natasha
  3755 | D:4      | Found an opulent altar of Gozag.
  3940 | D:4      | Noticed Natasha
  3946 | D:4      | Killed Natasha
  4395 | D:5      | Entered Level 5 of the Dungeon
  4426 | D:5      | Found a staircase to the Ecumenical Temple.
  4438 | Temple   | Entered the Ecumenical Temple
  4605 | Temple   | Became a worshipper of Hepliaklqana the Forgotten
  4605 | Temple   | Reached * piety under Hepliaklqana
  4605 | Temple   | Reached ** piety under Hepliaklqana
  4606 | Temple   | Remembered your ancestor Manelesi as a battlemage
  4814 | D:5      | Reached skill level 4 in Polearms
  4831 | D:5      | Noticed an ice beast
  4837 | D:5      | Killed an ice beast
  4838 | D:5      | Reached XP level 7. HP: 27/41 MP: 8/8
  4974 | D:5      | Reached skill level 5 in Polearms
  5036 | D:5      | Reached skill level 6 in Polearms
  5131 | D:5      | Reached XP level 8. HP: 41/46 MP: 9/9
  5327 | D:5      | Identified the ring "Ocistiem" {rPois rN+ Will+}
  5606 | D:6      | Found Liciblo's Book Boutique.
  5615 | D:6      | Reached skill level 7 in Polearms
  5894 | D:6      | Reached skill level 8 in Polearms
  5945 | D:6      | Reached skill level 9 in Polearms
  6020 | D:6      | Reached XP level 9. HP: 51/51 MP: 7/10
  6028 | D:6      | Reached skill level 10 in Polearms
  6273 | D:7      | Found a stormy altar of Qazlal.
  6288 | D:7      | Found a sacrificial altar of Ru.
  6409 | D:7      | Reached *** piety under Hepliaklqana
  7380 | D:8      | Reached skill level 11 in Polearms
  7475 | D:8      | Reached XP level 10. HP: 59/59 MP: 11/11
  7516 | D:8      | You are sucked into a shaft and drop 1 floor!
  7760 | D:8      | Noticed Erica
  7767 | D:8      | Killed Erica
  8028 | D:8      | Paralysed by a hornet for 1 turns
  8035 | D:8      | Reached skill level 10 in Fighting
  8040 | D:8      | Noticed a two-headed ogre
  8047 | D:8      | Killed a two-headed ogre
  8048 | D:8      | Reached skill level 12 in Polearms
  8648 | D:9      | Noticed Pikel
  8651 | D:9      | Reached **** piety under Hepliaklqana
  8657 | D:9      | Killed Pikel
  8895 | D:9      | Learned a level 7 spell: Summon Hydra
  9032 | D:9      | Noticed an orange demon
  9032 | D:9      | Noticed Amaemon
  9048 | D:9      | Slain by Amaemon

Illustrated notes

Levels and vault maps discovered:
D:1:      matt_arrival_grand_opening, layout_loops_ring, serial_bayou_lagoon_a,
          hangedman_abyss_or_decor_lesser_grid
D:2:      layout_basic, basic_altar
D:3:      layout_loops_corners, grunt_decor_fettered, grunt_ministairs_6
D:4:      layout_loops_ring, grunt_gozag_breadcrumbs, nicolae_half_adder,
          uniq_natasha
D:5:      layout_loops_ring, minmay_temple_entry_ruins
D:6:      layout_basic, serial_shops, nicolae_shop_waterfront
D:7:      layout_loops_corners, nicolae_ru_awakened_eye,
          nicolae_qazlal_general_emergency
D:8:      layout_rooms, minmay_misc_feat_columns, minmay_door_square,
          minmay_small_thing, uniq_erica
D:9:      layout_small_grid, ploomutoo_gammafunk_ghost_potion_laboratory,
          uniq_pikel, uniq_amaemon
Temple:   nicolae_temple_slightly_damp_pantheon

Skill      XL: |  1  2  3  4  5  6  7  8  9 10 |
---------------+-------------------------------+-----
Fighting       | 4 5 6 7 9 11 | 11.7
Summonings     | 1 2 3 |  3.3
Ranged Weapons | 2 3 |  3.0
Polearms       | 4 6 9 11 12 | 12.0
Dodging        | |  3.2
Stealth        | |  2.0

Action                     |  1- 3 |  4- 6 |  7- 9 | 10-12 || total
---------------------------+-------+-------+-------+-------++-------
  Melee: Spear             |   111 |   102 |       |       ||   213
         Kick              |    24 |    30 |    21 |     8 ||    83
         Peck              |    19 |    16 |     6 |     4 ||    45
         Punch             |     3 |     2 |       |       ||     5
         Glaive            |       |    23 |    80 |    45 ||   148
   Fire: Shortbow          |       |    17 |    53 |       ||    70
         Longbow           |       |       |    45 |    20 ||    65
   Cast: Call Imp          |     1 |    16 |     6 |     6 ||    29
 Invoke: Ancestor Life: Ba |       |     1 |       |       ||     1
    Use: Scroll            |       |     6 |       |     1 ||     7
   Stab: Sleeping          |     4 |     3 |     3 |     1 ||    11
         Distracted        |     1 |       |     4 |     2 ||     7
 Armour: Robe              |    15 |    10 |    17 |     7 ||    49
  Dodge: Dodged            |    44 |    69 |    49 |    25 ||   187

Table legend: (Time is in decaauts)
 A = Elapsed time spent in this place.
 B = Non-inter-level travel time spent in this place.
 C = Inter-level travel time spent in this place.
 D = Time resting spent in this place.
 E = Time spent auto-exploring this place.
 F = Levels seen in this place.
 G = Mean time per level.
                   A        B        C        D        E       F      G
               +--------+--------+--------+--------+--------+-----+--------+
         Total |   8773 |   8421 |    352 |   1869 |   5256 |  10 |  877.3 |
       Dungeon |   8569 |   8250 |    319 |   1869 |   5110 |   9 |  952.1 |
        Temple |    203 |    171 |     32 |      0 |    145 |   1 |  203.0 |
               +--------+--------+--------+--------+--------+-----+--------+

Top non-repeatable levels by time:
     D:4: 1425 daAuts
     D:3: 1284 daAuts
     D:8: 1014 daAuts
     D:7: 965 daAuts
     D:2: 943 daAuts
     D:5: 940 daAuts
     D:9: 710 daAuts
     D:1: 679 daAuts
     D:6: 606 daAuts
  Temple: 203 daAuts
